 Dungeon Sprint DCSS version 0.22-a0-181-gb22368a (console) character file.

48 removed the Sneak (level 5, 0/41 HPs)
             Began as a Gnoll Enchanter on Feb 14, 2018.
             Was a Follower of Uskayaw.
             Slain by an ice devil (19 damage)
             ... in the Dungeon (Sprint VI: "Thunderdome").
             The game lasted 00:05:02 (425 turns).

removed the Sneak (Gnoll Enchanter)                  Turns: 425, Time: 00:05:03

Health: 0/41       AC:  2    Str: 10    XL:     5   Next: 53%
Magic:  7/13       EV: 15    Int: 18    God:    Uskayaw [*.....]
Gold:   400        SH:  0    Dex: 16    Spells: 4/16 levels left

rFire    . . .     SeeInvis .   a - +1 dagger
rCold    . . .     Gourm    .   (no shield)
rNeg     . . .     Faith    .   b - +0 robe
rPois    .         Spirit   .   (no helmet)
rElec    .         Reflect  .   (no cloak)
rCorr    .         Harm     .   (no gloves)
MR       .....     NoTele   +   (no boots)
Stlth    +++.......             (no amulet)
HPRegen  0.13/turn              (no ring)
MPRegen  0.13/turn              (no ring)

@: drained
A: distributed training, fangs 1, strong nose
a: Stomp, Renounce Religion


You were in the Dungeon.
You worshipped Uskayaw.
Uskayaw was noncommittal.
You were not hungry.

You visited 1 branch You collected 400 gold pieces.

Inventory:

Hand Weapons
 a - a +1 dagger (weapon)
Armour
 b - a +0 robe (worn)
Wands
 m - a wand of iceblast (3)
Scrolls
 j - 4 scrolls of blinking
 n - 3 scrolls of fog
Potions
 e - a potion of curing
 f - 2 potions of heal wounds
 g - 4 potions of haste
 h - 2 potions of magic
 i - a potion of berserk rage
 k - a potion of resistance
Books
 c - a book of Maledictions

   Spells                             Type                      Level
   a - Corona                         Hexes                        1
   b - Ensorcelled Hibernation        Hexes/Ice                    2
   c - Confuse                        Hexes                        3
   d - Tukima's Dance                 Hexes                        3
   e - Dazzling Spray                 Conjuration/Hexes            3
Comestibles
 d - a ration


   Skills:
 + Level 3.6(3.1) Fighting
 + Level 4.5(3.9) Short Blades
 + Level 3.6(3.1) Long Blades
 + Level 3.6(3.1) Axes
 + Level 3.6(3.1) Maces & Flails
 + Level 3.6(3.1) Polearms
 + Level 3.6(3.1) Staves
 + Level 3.6(3.1) Slings
 + Level 3.6(3.1) Bows
 + Level 3.6(3.1) Crossbows
 + Level 3.6(3.1) Throwing
 + Level 3.6(3.1) Armour
 + Level 5.9(5.3) Dodging
 + Level 7.0(6.5) Stealth
 + Level 3.6(3.1) Shields
 + Level 3.6(3.1) Unarmed Combat
 + Level 6.2(5.7) Spellcasting
 + Level 2.9(2.4) Conjurations
 + Level 6.2(5.7) Hexes
 + Level 2.9(2.4) Charms
 + Level 2.9(2.4) Summonings
 + Level 2.9(2.4) Necromancy
 + Level 2.9(2.4) Translocations
 + Level 2.9(2.4) Transmutations
 + Level 2.9(2.4) Fire Magic
 + Level 2.9(2.4) Ice Magic
 + Level 2.9(2.4) Air Magic
 + Level 2.9(2.4) Earth Magic
 + Level 2.9(2.4) Poison Magic
 + Level 4.0(3.5) Invocations
 + Level 3.6(3.1) Evocations


You had 4 spell levels left.
You knew the following spells:

 Your Spells              Type           Power        Failure   Level  Hunger
a - Corona                Hex            ####...      1%          1    None
b - Ensorcelled Hibernat  Hex/Ice        ###...       3%          2    None
c - Confuse               Hex            ####....     3%          3    ##.....
d - Tukima's Dance        Hex            ####....     3%          3    ##.....
e - Dazzling Spray        Conj/Hex       ###...       7%          3    ##.....


Dungeon Overview and Level Annotations

Branches:
Dungeon (1/1)

Altars:
Cheibriados
Dithmenos
Fedhas
Gozag
Kikubaaqudgha
Makhleb
Okawaru
Qazlal
Ru
Sif Muna
Trog
Uskayaw
Vehumet
Wu Jian
Xom
Yredelemnul
Zin
The Shining One
Beogh
Jiyva
Lugonu

Shops:
D *[%??*?*:[((!!!!


Innate Abilities, Weirdness & Mutations

Your experience applies equally to all skills.
You have very sharp teeth.
Your uncanny sense of smell can sniff out nearby items.


Message History

Confirm with . or Enter, or press ? or * to list all spells.
Aiming: Dazzling Spray (safe; 7% risk of failure)
Press: ? - help, Shift-Dir - straight line, f - sixfirhy
Aim: a sixfirhy The spray of energy hits the sixfirhy.
The sixfirhy is lightly wounded.
The sixfirhy is dazzled.
You hit the sixfirhy but do no damage.
The sixfirhy is lightly wounded.
Casting: Dazzling Spray (safe; 7% risk of failure)
Confirm with . or Enter, or press ? or * to list all spells.
Aiming: Dazzling Spray (safe; 7% risk of failure)
Press: ? - help, Shift-Dir - straight line, f/p - sixfirhy
Aim: a sixfirhy (lightly wounded, blind)
The spray of energy hits the sixfirhy.
The sixfirhy is moderately wounded.
The sixfirhy is dazzled.
The spray of energy hits the ice devil.
The sixfirhy barely misses you. The ice devil hits you.
The ice devil freezes you!!
You die...

###.........### #⌠...........⌠#
######.8.........8.######
##∩___......###.....3___∩##
##∩........8[# #.8........∩###
........[...)###.............##
..........###...###..........⌠#
..........# #.43# #..........⌠#
..........###.@.###..........⌠#
.............###.............##
##∩.......[8.# #.8........∩###
##∩_._......###......___∩##
######.8.........8.######
#⌠...........⌠# ###.........###
#).....)..# #_......._#


You could see an ice devil and a sixfirhy (blind).

Vanquished Creatures
  An orc warrior (D)
  Blork the orc (D)
  An orc wizard (D)
  3 oozes (D)
  2 orcs (D)
8 creatures vanquished.

Notes
Turn   | Place    | Note
-------+----------+-------------------------------------------
     0 | D        | removed the Gnoll Enchanter began the quest for the Orb.
     0 | D        | Reached XP level 1. HP: 13/13 MP: 6/6
     0 | D        | Found a snail-covered altar of Cheibriados.
     0 | D        | Found an ornate altar of the Wu Jian Council.
     4 | D        | Found a stormy altar of Qazlal.
     4 | D        | Found a hide-covered altar of Uskayaw.
     5 | D        | Found a basalt altar of Yredelemnul.
     5 | D        | Found an ancient bone altar of Kikubaaqudgha.
     5 | D        | Round 1.
     6 | D        | Found a roughly hewn altar of Beogh.
     6 | D        | Found an opulent altar of Gozag.
     6 | D        | Found a shadowy altar of Dithmenos.
     6 | D        | Found Wanoj's Staff Store.
     6 | D        | Found Hujoec's Magic Scroll Shop.
     7 | D        | Found Jeitwof's Distillery.
     7 | D        | Found Uhukeidu's Must-Have Magic.
     7 | D        | Found Hegel's Magic Scroll Shop.
    12 | D        | Became a worshipper of Uskayaw the Reveler
    17 | D        | Found a shimmering altar of Xom.
    18 | D        | Found a deep blue altar of Sif Muna.
    18 | D        | Noticed Blork the orc
    19 | D        | Reached * piety under Uskayaw
    22 | D        | Killed Blork the orc
    22 | D        | Reached skill level 5 in Dodging
    22 | D        | Reached skill level 6 in Stealth
    22 | D        | Reached skill level 5 in Spellcasting
    22 | D        | Reached XP level 2. HP: 3/23 MP: 6/8
    22 | D        | Reached XP level 3. HP: 4/28 MP: 7/10
    22 | D        | Reached XP level 4. HP: 4/34 MP: 7/11
    22 | D        | Reached ** piety under Uskayaw
    26 | D        | Learned a level 2 spell: Ensorcelled Hibernation
    30 | D        | Learned a level 3 spell: Confuse
    34 | D        | Learned a level 3 spell: Tukima's Dance
    38 | D        | Learned a level 3 spell: Dazzling Spray
    46 | D        | Found a glowing golden altar of the Shining One.
    49 | D        | Found a burning altar of Makhleb.
    50 | D        | Found a viscous altar of Jiyva.
    50 | D        | Found a corrupted altar of Lugonu.
    51 | D        | Found a glowing silver altar of Zin.
    51 | D        | Found Biv Juiman's Premium Goods.
    51 | D        | Found Jifips's Weapon Rack.
    52 | D        | Found Zeecelir's Miscellaneous Merchandise.
    52 | D        | Found Usixoen's Basic Armour.
    54 | D        | Found a radiant altar of Vehumet.
    57 | D        | Found a sacrificial altar of Ru.
    83 | D        | Found a blossoming altar of Fedhas.
    84 | D        | Found Hukhilaz's Identification Station.
    84 | D        | Found a bloodstained altar of Trog.
    84 | D        | Found Vekhlem's Delicious Food.
    85 | D        | Found Dieguv's Advanced Armour.
    85 | D        | Found Fezoe's Jewellery.
    92 | D        | Noticed an orc warrior
   102 | D        | Found an iron altar of Okawaru.
   103 | D        | Found Geashiopt's Do-It-Yourself Clinic.
   127 | D        | Killed an orc warrior
   127 | D        | Reached XP level 5. HP: 19/41 MP: 1/13
   139 | D        | Found Geneop's Distillery.
   139 | D        | Found Riecuy's Bottled Wisdom.
   161 | D        | Arena points: 12 (+12) [x2]
   161 | D        | Reached skill level 7 in Stealth
   206 | D        | Round 2.
   234 | D        | Reached *** piety under Uskayaw
   268 | D        | Arena points: 36 (+24) [x3]
   283 | D        | Round 3.
   303 | D        | Noticed a wraith
   351 | D        | Arena points: 48 (+12) [x4]
   366 | D        | Round 4.
   367 | D        | Noticed an orange demon
   391 | D        | Noticed a sixfirhy
   420 | D        | Noticed an ice devil
   425 | D        | Slain by an ice devil

Vault maps used:
D:        arena_sprint

Skill      XL: |  1  2  3  4  5 |
---------------+----------------+-----
Fighting       | 2 3 |  3.6
Short Blades   | 3 4 |  4.5
Long Blades    | 2 3 |  3.6
Axes           | 2 3 |  3.6
Maces & Flails | 2 3 |  3.6
Polearms       | 2 3 |  3.6
Staves         | 2 3 |  3.6
Slings         | 2 3 |  3.6
Bows           | 2 3 |  3.6
Crossbows      | 2 3 |  3.6
Throwing       | 2 3 |  3.6
Armour         | 2 3 |  3.6
Dodging        | 5 |  5.9
Stealth        | 6 7 |  7.0
Shields        | 2 3 |  3.6
Unarmed Combat | 2 3 |  3.6
Spellcasting   | 5 6 |  6.2
Conjurations   | 2 |  2.9
Charms         | 2 |  2.9
Summonings     | 2 |  2.9
Necromancy     | 2 |  2.9
Translocations | 2 |  2.9
Transmutations | 2 |  2.9
Fire Magic     | 2 |  2.9
Ice Magic      | 2 |  2.9
Air Magic      | 2 |  2.9
Earth Magic    | 2 |  2.9
Poison Magic   | 2 |  2.9
Invocations    | 2 3 4 |  4.0
Evocations     | 2 3 |  3.6
Hexes          | 6 |  6.2

Action                   |  1- 3 |  4- 6 || total
-------------------------+-------+-------++-------
Melee: Dagger            |       |    33 ||    33
       Bite              |       |     3 ||     3
 Cast: Ensorcelled Hiber |       |     5 ||     5
       Confuse           |       |     3 ||     3
       Tukima's Dance    |       |     1 ||     1
       Dazzling Spray    |       |     2 ||     2
Evoke: Wand              |     3 |     4 ||     7
  Use: Potion            |       |     2 ||     2
 Stab: Sleeping          |       |     2 ||     2
       Paralysed         |       |     1 ||     1
Armor: Robe              |       |     5 ||     5
Dodge: Dodged            |       |    58 ||    58

Table legend:
 A = Spawn XP
 B = Non-spawn XP
 C = Spawn XP percentage of total XP
 D = Spawn monster count
 E = Non-spawn monster count
 F = Spawn count percentage of total count
 G = Total turns spent on level
                    A         B        C        D         E        F      G
               +---------+---------+-------+---------+---------+-------+---------
         Total |       0 |     247 |   0.0 |       0 |       8 |   0.0 |   425
               +---------+---------+-------+---------+---------+-------+---------
             D |       0 |     247 |   0.0 |       0 |       8 |   0.0 |   425
               +---------+---------+-------+---------+---------+-------+---------
